Map: Dusk Towers

Players

Reszi

  • Race: Protoss Protoss

A.I. 1 (Elite) - Winner!

  • Race: Protoss Protoss

VOD

Have the link to the VOD?

Description

Time

  • Played on: Nov. 12, 2015, 10:41 a.m.
  • Length: 4:23
Show
View Real Time Build Order
Export as new Build Order

Reszi Protoss 

Build Orders:  

Get SALT Encoding   

  12  0:00  Probe (Chrono Boost)  
  13  0:11  Probe (Chrono Boost)  
  14  0:18  Pylon  
  14  0:23  Probe (Chrono Boost)  
  15  0:35  Pylon  
  15  0:36  Probe (Chrono Boost)  
  16  0:49  Probe (Chrono Boost)  
  17  0:54  Gateway  
  17  1:02  Gateway  
  17  1:07  Assimilator  
  17  1:09  Probe (Chrono Boost)  
  18  1:19  Probe (Chrono Boost)  
  18  1:24  Gateway  
  19  1:30  Probe (Chrono Boost)  
  20  1:41  Cybernetics Core  
  20  1:43  Zealot  
  22  1:50  Zealot  
  24  2:00  Pylon  
  24  2:18  Stalker x2  
  24  2:19  Zealot  
  30  2:46  Stalker  
  30  2:48  Stalker, Zealot  
  36  3:00  Pylon  
  34  3:15  Zealot  
  34  3:16  Stalker  
  34  3:17  Gateway  
  38  3:22  Stalker  
  36  3:42  Zealot  
  36  3:46  Stalker  
  38  3:52  Zealot  
Show
View Real Time Build Order
Export as new Build Order

A.I. 1 (Elite) Protoss - Winner!

Build Orders:  

Get SALT Encoding   

  12  0:01  Probe (Chrono Boost)  
  13  0:11  Probe (Chrono Boost)  
  14  0:19  Pylon  
  14  0:22  Probe (Chrono Boost)  
  15  0:38  Probe (Chrono Boost)  
  16  0:47  Assimilator  
  16  0:48  Probe (Chrono Boost), Gateway  
  17  0:59  Probe (Chrono Boost), Pylon  
  18  1:09  Probe (Chrono Boost)  
  19  1:20  Probe (Chrono Boost)  
  20  1:31  Probe (Chrono Boost)  
  21  1:33  Zealot  
  21  1:38  Cybernetics Core  
  23  1:42  Probe (Chrono Boost)  
  24  1:53  Probe (Chrono Boost)  
  25  2:00  Nexus  
  25  2:04  Probe (Chrono Boost)  
  26  2:15  Probe (Chrono Boost)  
  27  2:16  Stalker  
  29  2:27  Probe (Chrono Boost)  
  29  2:28  Pylon  
  30  2:38  Probe (Chrono Boost)  
  29  2:45  Stalker  
  29  2:49  Probe (Chrono Boost)  
  25  3:01  Probe (Chrono Boost)  
  22  3:12  Zealot  
  22  3:19  Probe (Chrono Boost)  
  6  4:09  Pylon  
Tags
 
Matchup
PvP
Add a new tag
Caveats
  • Supply blocks, unpowered buildings, or Contaminate may cause inaccurate times.
  • Supply counts are checked every 10 seconds.